 Dungeon Crawl Stone Soup version 0.23.0-3-gf3c87f2 (webtiles) character file.

Game seed: 15266213014795690455

54 vladvlad the Caller (level 3, -1/26 HPs)
             Began as a Draconian Summoner on Feb 23, 2019.
             Killed from afar by an orc wizard (9 damage)
             ... with a magic dart
             ... on level 2 of the Dungeon.
             The game lasted 00:24:10 (2038 turns).

vladvlad the Caller (Draconian Summoner)            Turns: 2038, Time: 00:24:10

Health: -1/26      AC:  6    Str: 10    XL:     3   Next: 66%
Magic:  0/7        EV: 12    Int: 16    God:
Gold:   62         SH:  0    Dex: 11    Spells: 2/8 levels left

rFire    . . .     SeeInvis .   a - +0 spear
rCold    . . .     Gourm    .   (no shield)
rNeg     . . .     Faith    .   (armour unavailable)
rPois    .         Spirit   .   (helmet restricted)
rElec    .         Reflect  .   g - +0 cloak
rCorr    .         Harm     .   (no gloves)
MR       .....                  (no boots)
Stlth    ++........             (no amulet)
HPRegen  0.08/turn              (no ring)
MPRegen  0.10/turn              (no ring)

@: no status effects
A: unfitting armour, cold-blooded, AC +5
a: no special abilities


You were on level 2 of the Dungeon.
You were very hungry.

You visited 1 branch of the dungeon, and saw 2 of its levels.

You collected 62 gold pieces.

Inventory:

Hand Weapons
 a - a +0 spear (weapon)
Armour
 g - a +0 cloak (worn)
Scrolls
 d - a scroll of fear {unknown}
 e - a scroll of remove curse {unknown}
 h - a scroll of identify {unknown}
Potions
 c - a potion of heal wounds {unknown}
Comestibles
 b - 2 rations


   Skills:
 - Level 1.7 Dodging
 - Level 1.7 Stealth
 + Level 3.0 Spellcasting
 + Level 4.7 Summonings


You had 2 spell levels left.
You knew the following spells:

 Your Spells              Type           Power        Failure   Level  Hunger
a - Summon Small Mammal   Summ           ###.         2%          1    #......
b - Call Imp              Summ           ###.....     4%          2    ##.....
c - Call Canine Familiar  Summ           ###.....     8%          3    ###....

Your spell library contained the following spells:

 Spells                   Type           Power        Failure   Level  Hunger
 Summon Guardian Golem    Hex/Summ       ##......     22%         3    ###....
 Summon Ice Beast         Ice/Summ       ##......     56%         4    #####..
 Summon Lightning Spire   Summ/Air       ##......     56%         4    #####..


Dungeon Overview and Level Annotations

Branches:
Dungeon (2/15)

Altars:
Dithmenos


Innate Abilities, Weirdness & Mutations

Your plain brown scales are hard. (AC +5)
You cannot fit into any form of body armour.
You are cold-blooded and may be slowed by cold attacks.


Message History

Things that are here:
a +0 whip; a +0 leather armour The orc wizard hits your hound with a +0 dagger.
Your hound dies!
Your hound's corpse disappears in a puff of smoke!
Things that are here:
a +0 short sword; an orc corpse
Casting: Call Canine Familiar (safe; 8% risk of failure)
Confirm with . or Enter, or press ? or * to list all spells.
You swap places.
The orc wizard barely misses your quokka.
Your quokka bites the orc wizard but does no damage.
The orc wizard barely misses your quokka.
Your quokka bites the orc wizard.
The orc wizard closely misses your quokka.
The orc wizard hits your quokka with a +0 dagger.
Your quokka bites the orc wizard.
The orc wizard points at you and mumbles some strange words.
The magic dart hits you!
You die...

.#....'........o..........
.#....#.......####.######.
##....#.......####[#
.'..>.+.......'..#o######+#
##....#.[.....##o#)#.......
##....#.......##.#r#...oo..
##....###..#####.#.#.......
##..........####...#.......
##..........[...@..#.......
##....<............'.......
##....##.........#.#.=.....
########.........#.####....
#### #.........#.# ### ...#
#.>.......#.# ...#
#.........#.# ...#
#.........#.#
...#####.........#.


You could see an orc wizard and a friendly quokka.

Vanquished Creatures
  A leopard gecko (D:1)
  3 bats
  2 goblins
  3 hobgoblins (D:1)
  6 jackals (D:1)
  A frilled lizard (D:1)
  A kobold (D:1)
  A rat (D:1)
18 creatures vanquished.

Vanquished Creatures (collateral kills)
  4 adders (D:2)
  2 dart slugs (D:1)
  2 orcs (D:2)
  2 giant cockroaches (D:1)
  A goblin (D:2)
  2 hobgoblins
  A bat (D:1)
  2 frilled lizards
  A kobold (D:1)
17 creatures vanquished.

Grand Total: 35 creatures vanquished

Notes
Turn   | Place    | Note
-------+----------+-------------------------------------------
     0 | D:1      | vladvlad the Draconian Summoner began the quest for the
                  | Orb.
     0 | D:1      | Reached XP level 1. HP: 14/14 MP: 3/3
   726 | D:1      | Reached XP level 2. HP: 20/20 MP: 0/5
   740 | D:1      | Learned a level 2 spell: Call Imp
  1445 | D:2      | Reached XP level 3. HP: 26/26 MP: 4/7
  1448 | D:2      | Found a shadowy altar of Dithmenos.
  1483 | D:2      | Noticed a +0 hand axe
  1483 | D:2      | Noticed a +0 hand axe
  1744 | D:2      | Learned a level 3 spell: Call Canine Familiar
  2038 | D:2      | Killed from afar by an orc wizard

Skill      XL: |  1  2  3 |
---------------+----------+-----
Spellcasting   | 3 |  3.0
Dodging        | |  1.7
Stealth        | |  1.7
Summonings     | |  4.7

Action                   || total
-------------------------++-------
Melee: Spear             ||    57
       Tailslap          ||     4
       Unarmed           ||     1
 Cast: Summon Small Mamm ||    20
       Call Imp          ||    18
       Call Canine Famil ||     3
 Stab: Sleeping          ||     1
  Eat: Chunk             ||     4
Armor: Skin              ||    22
Dodge: Dodged            ||    47
